 Dungeon Crawl Stone Soup version 0.25-a0-599-g15d2498 (webtiles) character file.

Game seed: 16506020726042956782, levelgen mode: deterministic

6 2tousent the Cutter (level 2, -1/16 HPs)
             Began as a Hedgehog Storm Cleric on Dec 31, 2019.
             Was a Follower of Qazlal.
             Slain by a kobold
             ... wielding a +0 short sword
              (6 damage)
             ... on level 1 of the Dungeon.
             The game lasted 00:02:04 (274 turns).

2tousent the Cutter (Hedgehog Storm Cleric)          Turns: 274, Time: 00:02:04

Health: -1/16      AC:  0    Str: 13    XL:     2   Next: 0%
Magic:  5/5        EV: 13    Int: 10    God:    Qazlal [*.....]
Gold:   16         SH:  1    Dex: 13    Spells: 1/1 levels left Game modifiers: None

rFire    . . .     SeeInvis .   a - +0 short sword
rCold    . . .     Gourm    .   (no shield)
rNeg     . . .     Faith    .   (armour unavailable)
rPois    .         Spirit   .   (helmet unavailable)
rElec    .         Reflect  .   (cloak unavailable)
rCorr    .         Harm     .   (no gloves)
MR       .....                  (no boots)
Stlth    +.........             (no amulet)
HPRegen  0.05/turn              (no ring)
MPRegen  0.09/turn              (no ring)

@: very quick
A: boots and gloves only, speed 3, screaming 3, spiny 1, always fast
a: Renounce Religion


You were on level 1 of the Dungeon.
You worshipped Qazlal.
Qazlal was aware of your devotion.
You were not hungry.

You visited 1 branch of the dungeon, and saw 1 of its levels.

You collected 16 gold pieces.

Inventory:

Hand Weapons
 a - a +0 short sword (weapon)
Miscellaneous
 b - an air horn (inert)
Comestibles
 c - a ration
 d - 4 chunks of flesh


   Skills:
 - Level 1.6 Fighting
 * Level 4.3 Short Blades
 - Level 3.6 Dodging
 + Level 2.8 Invocations


You had one spell level left.
You didn't know any spells.
Your spell library was empty.

Dungeon Overview and Level Annotations

Branches:
Dungeon (1/15)

Altars:


Innate Abilities, Weirdness & Mutations

You can only wear boots and gloves.
You cover ground extremely quickly.
You frequently scream uncontrollably at your foes.
You are partially covered in sharp spines.
You always move and act at sonic speed.


Message History

You hit the kobold but do no damage.
The kobold is severely wounded.
The kobold completely misses you.
The ball python is struck by your spines.
The ball python bites you.
You are too injured to fight recklessly!
You are too injured to fight recklessly!
You are too injured to fight recklessly!
You are too injured to fight recklessly!
The kobold hits you with a +0 short sword.
* * * LOW HITPOINT WARNING * * *
The ball python barely misses you.
You hit the ball python.
You kill the ball python!
Qazlal accepts your kill.
You have reached level 2!
You barely miss the kobold.
The kobold is severely wounded.
The kobold hits you with a +0 short sword.
You die...

....[....................
..........$.............# .
........................# .
..................#.....####.
..................#..........
....................>........
........##........#..........
........##..K†....####.##....
........####@.○.......)..#...
........# #...##'''''##...###
........#...###.......###....
#..##...........##... ....
#...........# ...
....#######'''#######.. ##...
g#...........#g#.. #...
##..8.###.8..###..
≈.............≈#


You could see a kobold.

Vanquished Creatures
  A dart slug (D:1)
  A giant cockroach (D:1)
  A goblin (D:1)
  A ball python (D:1)
4 creatures vanquished.

Notes
Turn   | Place    | Note
-------+----------+-------------------------------------------
     0 | D:1      | 2tousent the Hedgehog Storm Cleric began the quest for the
                  | Orb.
     0 | D:1      | Reached XP level 1. HP: 12/12 MP: 3/3
   272 | D:1      | Reached XP level 2. HP: 5/16 MP: 5/5
   274 | D:1      | Slain by a kobold

Levels and vault maps discovered:
D:1:      lordsloth_arrival_two_stooges, layout_basic, st_stairs_8,
          minmay_misc_feat_more_columns

Action                   || total
-------------------------++-------
Melee: Short sword       ||    15
Dodge: Dodged            ||     5

Table legend:
 A = Non-vault XP
 B = Vault XP
 C = Vault XP percentage of total XP
 D = Non-vault monster count
 E = Vault monster count
 F = Vault count percentage of total count
                 A         B        C        D         E       F
            +---------+---------+-------+---------+---------+-------
      Total |       9 |       0 |   0.0 |       4 |       0 |   0.0
            +---------+---------+-------+---------+---------+-------
        D:1 |       9 |       0 |   0.0 |       4 |       0 |   0.0
            +---------+---------+-------+---------+---------+-------
